 Dungeon Crawl Stone Soup version 0.25.0-9-g26727b657a (webtiles) character file.

Game seed: 5651128796936437237

25749 Ijustatesigmund the Severer (level 12, 0/118 HPs)
             Began as a Minotaur Berserker on June 18, 2020.
             Was a High Priest of Trog.
             Engulfed by a cloud of freezing vapour (17 damage)
             ... in an ice cave.
             The game lasted 00:31:55 (15924 turns).

Ijustatesigmund the Severer (Minotaur Berserker)   Turns: 15924, Time: 00:31:55

Health: 0/118      AC: 14    Str: 22    XL:     12   Next: 92%
Magic:  11/11      EV: 17    Int:  4    God:    Trog [*****.]
Gold:   818        SH:  0    Dex: 15    Spells: 11/11 levels left

rFire    . . .     SeeInvis +   B - +2 battleaxe
rCold    . . .     Gourm    .   (shield currently unavailable)
rNeg     + . .     Faith    .   b - +0 acid dragon scales
rPois    .         Spirit   .   (helmet restricted)
rElec    .         Reflect  .   o - +1 cloak
rCorr    +         Harm     .   t - +1 pair of gloves
MR       +....                  (no boots)
Stlth    +.........             (no amulet)
HPRegen  0.29/turn              s - ring of positive energy
MPRegen  0.12/turn              (no ring)

@: no status effects
A: retaliatory headbutt, horns 2, talons 1, see invisible, magic resistance 1
a: Berserk, Trog's Hand, Brothers in Arms, Renounce Religion


You were in an ice cave.
You worshipped Trog.
Trog was extremely pleased with you.
You were hungry.

You visited 2 branches of the dungeon, and saw 14 of its levels.
You also visited: Ice Cave.

You collected 818 gold pieces.

Inventory:

Hand Weapons
 a - a +1 war axe
 p - a +2 flail of protection
 B - a +2 battleaxe (weapon)
Armour
 b - +0 acid dragon scales (worn)
 o - a +1 cloak (worn)
 t - a +1 pair of gloves (worn)
Jewellery
 s - a ring of positive energy (left hand)
 w - an uncursed ring of ice
Wands
 u - a wand of random effects (31)
 y - a wand of flame (40)
 A - a wand of paralysis (7)
Scrolls
 d - 2 scrolls of enchant armour
 g - a scroll of identify
 q - 5 scrolls of remove curse
 x - a scroll of fog
Potions
 e - 2 potions of haste
 j - 2 potions of curing
 l - 3 potions of resistance
 m - 4 potions of flight
 n - 3 potions of mutation
 r - 3 potions of magic
 v - 2 potions of lignification
 z - 3 potions of might
 D - a potion of berserk rage
Comestibles
 c - 25 rations


   Skills:
 + Level 14.9 Fighting
 + Level 15.5 Axes
 + Level 11.1 Armour
 - Level 9.0 Dodging


You had 11 spell levels left.
You didn't know any spells.
Your spell library was empty.

Dungeon Overview and Level Annotations

Branches:
Dungeon (13/15)            Temple (0/1) D:5            Lair (1/6) D:11
    Orc (0/2) D:10          IceCv (1/1)
 Vaults: D:13-14

Altars:
Ashenzari
Cheibriados
Elyvilon
Gozag
Makhleb
Nemelex Xobeh
Qazlal
Sif Muna
Trog
Uskayaw
Yredelemnul
Zin
The Shining One
Beogh


Innate Abilities, Weirdness & Mutations

You reflexively headbutt those who attack you in melee.
You have a pair of horns on your head.
You have sharp toenails.
You have supernaturally acute eyesight. (SInv)
You are resistant to hostile enchantments. (MR+)


Message History

You see here a knobbly runed staff.
You start resting.
You are feeling hungry.
You start resting.
You are engulfed in freezing vapours.
You are engulfed in freezing vapours.
You are engulfed in freezing vapours.
You see here a knobbly runed staff.
You enter the shallow water.
Moving in this stuff is going to be slow.
You start resting.
You are engulfed in freezing vapours.
* * * LOW HITPOINT WARNING * * *
You are engulfed in freezing vapours.
* * * LOW HITPOINT WARNING * * *
Okay, then.
You feel better.
You are engulfed in freezing vapours.
* * * LOW HITPOINT WARNING * * *
You feel better.
You are engulfed in freezing vapours.
You die...

####### ###...#.##
##☼○#☼..(.##
#°○####..##∩
#.○###..####
##.○.##..# #. ###
##.≈.##...#### #.○##
#.○.####...###
#.○@#####§#.####.÷.#
#.##○☼°##○#|## ##..÷
####○..☼## ##.÷
###### ### #


There were no monsters in sight!

Vanquished Creatures
  Nessos (D:13)
  Fannar (D:10)
  Erolcha (D:10)
  4 death knights (D:13)
  2 two-headed ogres
  A centaur warrior (D:13)
  2 unseen horrors
  An ugly thing (D:13)
  A deep elf mage (D:12)
  2 cyclopes (D:12)
  A gargoyle (D:11)
  Maggie (D:8)
  3 kobold demonologists
  3 komodo dragons (Lair:1)
  2 tormentors (D:13)
  A queen bee (D:8)
  2 trolls (D:12)
  2 polar bears (IceCv)
  3 hippogriffs
  A spriggan (shapeshifter) (D:13)
  The ghost of Elvor the Covered, an amateur DDFi (D:5)
  4 wraiths
  11 yaks
  2 steam dragons (D:7)
  4 hungry ghosts
  An acid dragon (D:12)
  7 black bears
  3 porcupines (D:11)
  4 ice beasts
  2 orc warriors
  3 phantoms
  2 sky beasts
  3 necrophages
  3 wolves (IceCv)
  10 ogres
  3 centaurs
  2 crocodiles
  3 big kobolds
  A wyvern zombie (D:10)
  9 bullfrogs
  6 scorpions
  16 killer bees
  5 wights (D:10)
  2 howler monkeys
  3 crimson imps
  A bullfrog zombie (D:12)
  2 centaur zombies
  18 orc wizards
  2 hounds
  A jelly (D:11)
  Crazy Yiuf (D:2)
  2 centaur skeletons
  12 orc priests
  A bullfrog skeleton (D:7)
  2 iguanas
  6 worker ants
  A hound zombie (D:6)
  A hound skeleton (D:4)
  A mummy (D:8)
  Robin (D:2)
  2 worker ant zombies
  17 adders
  A howler monkey skeleton (D:3)
  A shadow imp (D:9)
  12 white imps (Lair:1)
  An adder skeleton (D:9)
  A worm (D:3)
  8 leopard geckos
  36 orcs
  7 giant cockroaches
  12 goblins
  13 hobgoblins
  19 jackals
  21 kobolds
  4 quokkas
  3 ball pythons
  11 bats
  6 frilled lizards
  2 jackal skeletons (D:6)
  2 jackal zombies (D:5)
  A quokka zombie (D:5)
  12 rats
  5 fungi
  2 plants (D:11)
396 creatures vanquished.

Vanquished Creatures (collateral kills)
  An unseen horror (D:13)
  An ugly thing (D:13)
  A troll (D:13)
  A wraith (D:13)
  A human (shapeshifter) (D:13)
  An eye of draining (D:13)
  An ogre (D:13)
  2 centaurs (D:13)
  A big kobold (D:13)
10 creatures vanquished.

Vanquished Creatures (others)
  A steam dragon (D:11)
  16 fungi (D:11)
  6 plants (D:11)
23 creatures vanquished.

Grand Total: 429 creatures vanquished

Notes
Turn   | Place    | Note
-------+----------+-------------------------------------------
     0 | D:1      | Ijustatesigmund the Minotaur Berserker began the quest for
                  | the Orb.
     0 | D:1      | Reached XP level 1. HP: 19/19 MP: 0/0
    56 | D:1      | Reached skill level 4 in Axes
    66 | D:1      | Reached XP level 2. HP: 21/27 MP: 1/1
   514 | D:1      | Reached XP level 3. HP: 32/33 MP: 2/2
   519 | D:1      | Reached ** piety under Trog
  1147 | D:1      | Reached skill level 5 in Axes
  1573 | D:2      | Reached XP level 4. HP: 36/41 MP: 3/3
  1664 | D:2      | Found a runed translucent door.
  1665 | D:2      | Noticed Crazy Yiuf
  1672 | D:2      | Killed Crazy Yiuf
  1899 | D:2      | Reached skill level 6 in Axes
  1952 | D:2      | Noticed Robin
  1958 | D:2      | Reached *** piety under Trog
  1965 | D:2      | Reached XP level 5. HP: 47/47 MP: 4/4
  1967 | D:2      | Killed Robin
  2321 | D:3      | Found a shattered altar of Ashenzari.
  2360 | D:3      | Reached skill level 5 in Fighting
  2562 | D:3      | Found a shimmering blue altar of Sif Muna.
  2817 | D:4      | Noticed an ogre
  2825 | D:4      | Killed an ogre
  2825 | D:4      | Reached skill level 7 in Axes
  2825 | D:4      | Reached XP level 6. HP: 56/56 MP: 5/5
  3086 | D:4      | Reached skill level 8 in Axes
  3339 | D:4      | Reached XP level 7. HP: 63/63 MP: 6/6
  3370 | D:4      | Found a burning altar of Makhleb.
  3619 | D:4      | Found a stormy altar of Qazlal.
  3786 | D:5      | Entered Level 5 of the Dungeon
  3789 | D:5      | Found a staircase to the Ecumenical Temple.
  3808 | D:5      | Reached **** piety under Trog
  4074 | D:5      | Found a glowing silver altar of Zin.
  4116 | D:5      | Gained mutation: Armour fits poorly on your strangely
                  | shaped body. [potion of mutation]
  4116 | D:5      | Gained mutation: You expend magic power (3 MP) to
                  | strengthen your wands. [potion of mutation]
  4117 | D:5      | Lost mutation: Armour fits poorly on your strangely shaped
                  | body. [potion of mutation]
  4117 | D:5      | Lost mutation: You expend magic power (3 MP) to strengthen
                  | your wands. [potion of mutation]
  4117 | D:5      | Gained mutation: You have sharp toenails. [potion of
                  | mutation]
  4117 | D:5      | Gained mutation: You are resistant to hostile enchantments.
                  | (MR+) [potion of mutation]
  4117 | D:5      | Gained mutation: You have supernaturally acute eyesight.
                  | (SInv) [potion of mutation]
  4167 | D:5      | Found a runed translucent gate.
  4168 | D:5      | Found a runed translucent gate.
  4168 | D:5      | Found a runed translucent gate.
  4176 | D:5      | Noticed Elvor's ghost (amateur DDFi)
  4187 | D:5      | Killed Elvor's ghost
  4187 | D:5      | Reached skill level 9 in Axes
  4187 | D:5      | Reached XP level 8. HP: 72/72 MP: 7/7
  4392 | D:5      | Found a glowing golden altar of the Shining One.
  4695 | D:6      | Reached skill level 5 in Armour
  5577 | D:6      | Reached skill level 10 in Axes
  5608 | D:6      | Found an opulent altar of Gozag.
  5926 | D:7      | Noticed a hippogriff
  5933 | D:7      | Killed a hippogriff
  5933 | D:7      | Reached XP level 9. HP: 55/81 MP: 8/8
  6613 | D:7      | Reached ***** piety under Trog
  7268 | D:8      | Reached skill level 11 in Axes
  7278 | D:8      | Reached skill level 10 in Fighting
  7451 | D:8      | Reached skill level 5 in Dodging
  7607 | D:8      | Noticed Maggie
  7625 | D:8      | Killed Maggie
  7625 | D:8      | Received a gift from Trog
  7625 | D:8      | Reached XP level 10. HP: 62/93 MP: 9/9
  7990 | D:8      | Found a hide-covered altar of Uskayaw.
  8232 | D:8      | Found a snail-covered altar of Cheibriados.
  8286 | D:8      | Found a white marble altar of Elyvilon.
  8401 | D:8      | Found a basalt altar of Yredelemnul.
  8452 | D:8      | Found a bloodstained altar of Trog.
  8828 | D:9      | Reached skill level 12 in Axes
  9428 | D:9      | Found a sparkling altar of Nemelex Xobeh.
  9569 | D:10     | Entered Level 10 of the Dungeon
  9569 | D:10     | Noticed Erolcha
  9575 | D:10     | Killed Erolcha
  9859 | D:10     | Found a staircase to the Orcish Mines.
  9979 | D:10     | Noticed Fannar
  9988 | D:10     | Killed Fannar
 10164 | D:10     | Noticed a two-headed ogre
 10169 | D:10     | Killed a two-headed ogre
 10169 | D:10     | Reached XP level 11. HP: 104/104 MP: 10/10
 10334 | D:10     | Reached skill level 13 in Axes
 10484 | D:10     | Got a jacinth-encrusted scale mail
 10490 | D:10     | Identified the +1 scale mail of Impatience {rN+ Dex+3} (You
                  | found it on level 10 of the Dungeon)
 10616 | D:10     | Found a roughly hewn altar of Beogh.
 10769 | D:11     | Received a gift from Trog
 10855 | D:11     | Found a staircase to the Lair.
 11028 | D:11     | Noticed an unseen horror
 11034 | D:11     | Killed an unseen horror
 11552 | D:11     | Noticed a two-headed ogre
 11560 | D:11     | Killed a two-headed ogre
 11791 | D:12     | Noticed an unseen horror
 11802 | D:12     | Killed an unseen horror
 11957 | D:12     | Noticed an unseen horror
 11957 | D:12     | Noticed an unseen horror
 12102 | D:12     | Reached skill level 14 in Axes
 12103 | D:12     | Noticed a deep elf mage
 12124 | D:12     | Killed a deep elf mage
 12761 | D:12     | Reached XP level 12. HP: 58/115 MP: 11/11
 13804 | D:13     | Noticed a death knight
 14144 | D:13     | Killed a death knight
 14170 | D:13     | Received a gift from Trog
 14172 | D:13     | Noticed a death knight
 14184 | D:13     | Killed a death knight
 14185 | D:13     | Noticed a death knight
 14195 | D:13     | Noticed a death knight
 14204 | D:13     | Noticed a centaur warrior
 14210 | D:13     | Killed a centaur warrior
 14220 | D:13     | Reached skill level 10 in Armour
 14238 | D:13     | Noticed a vault guard
 14254 | D:13     | Noticed a five-headed hydra
 14256 | D:13     | Noticed a vault guard
 14258 | D:13     | Noticed a centaur warrior
 14264 | D:13     | Reached skill level 15 in Axes
 14330 | D:13     | Killed a death knight
 14338 | D:13     | Killed a death knight
 14487 | D:13     | Noticed Nessos
 14502 | D:13     | Killed Nessos
 14802 | Lair:1   | Entered Level 1 of the Lair of Beasts
 15074 | Lair:1   | Found a frozen archway.
 15163 | IceCv    | Entered an ice cave
 15923 | IceCv    | HP: 5/118 [something (11)]
 15924 | IceCv    | Engulfed by a cloud of freezing vapour

Illustrated notes

Levels and vault maps discovered:
D:1:      onia_arrival_pentagram, layout_basic
D:2:      layout_rooms, uniq_crazy_yiuf_cottage, uniq_robin
D:3:      layout_rooms, marbit_many_paths, glass_columns_a,
          cheibrodos_ashenzari_chains
D:4:      layout_loops_ring, nicolae_overflow_crystal_walls,
          kennysheep_mini_moat, first_ration
D:5:      layout_basic, tso_metal_star, kennysheep_little_box,
          minmay_temple_entry_wispy, gammafunk_ghost_necromancy
D:6:      layout_cave_pods, overflow_temple_1_default
D:7:      kennysheep_steamy, layout_basic
D:8:      layout_cave_pools, kennysheep_ying_yang,
          eat_drink_and_be_merry_uskayaw, lemuel_round_altar, slow_altar_1,
          david_nohive_1, uniq_maggie
D:9:      layout_loops_corners, lemuel_round_altar
D:10:     layout_loops_cross, minmay_orc_entry_temple_small,
          hangedman_decor_points, uniq_erolcha, uniq_fannar
D:11:     layout_small_grid, due_lair_maze_entry_diamond
D:12:     layout_basic, due_unseen_surprise
D:13:     cheibrodos_tormentor_scu, layout_small_grid,
          lightli_vaults_fourway_checkpoint, serial_shops, shop_statue,
          grunt_ministairs_6, uniq_nessos
Lair:1:   layout_cellular_growth, portal_ice_cave_entry_imps, grunt_megastairs_2
IceCv:    ice_cave_caverns_03

Skill      XL: |  1  2  3  4  5  6  7  8  9 10 11 12 |
---------------+-------------------------------------+-----
Axes           | 4 5 6 7 8 9 10 11 12 14 15 | 15.5
Fighting       | 4 5 6 7 8 10 12 13 14 | 14.9
Armour         | 4 6 8 11 | 11.1
Dodging        | 5 8 9 |  9.0

Action                   |  1- 3 |  4- 6 |  7- 9 | 10-12 || total
-------------------------+-------+-------+-------+-------++-------
Melee: Hand axe          |   106 |   100 |   109 |       ||   315
       Headbutt          |    11 |    12 |    43 |   122 ||   188
       Kick              |       |       |    71 |   181 ||   252
       War axe           |       |       |   152 |   177 ||   329
       Battleaxe         |       |       |       |   308 ||   308
Invok: Berserk           |     1 |     4 |     7 |    12 ||    24
       Trog's Hand       |       |       |       |     2 ||     2
       Brothers in Arms  |       |       |       |     1 ||     1
Evoke: Wand              |       |       |       |     7 ||     7
  Use: Scroll            |     2 |     6 |    12 |    15 ||    35
       Potion            |       |       |     5 |    15 ||    20
 Stab: Sleeping          |       |     1 |       |     3 ||     4
       Paralysed         |       |       |       |     3 ||     3
  Eat: Chunk             |     3 |     7 |    14 |    22 ||    46
       Ration            |       |     1 |     3 |     5 ||     9
Armor: Animal skin       |    27 |     6 |       |       ||    33
       Ring mail         |       |    19 |    84 |    53 ||   156
       Skin              |       |       |     2 |     3 ||     5
       Scale mail        |       |       |       |    41 ||    41
       Acid dragon scale |       |       |       |    70 ||    70
Dodge: Dodged            |    89 |    55 |   162 |   368 ||   674
